 Dungeon Crawl Stone Soup version 0.31-a0-675-g238779eb0a (webtiles) character file.

Game seed: 13942207361206553290

266 Shayle the Changeling (level 6, -5/55 HPs)
             Began as an Ogre Shapeshifter on Sept 5, 2023.
             Slain by a gnoll
             ... wielding a +2 whip of electrocution
              (6 damage)
             ... on level 2 of the Dungeon.
             The game lasted 00:03:22 (1455 turns).

Shayle the Changeling (Ogre Shapeshifter)           Turns: 1455, Time: 00:03:23

Health: -5/55      AC:  3    Str: 19    XL:     6   Next: 20%
Magic:  10/10      EV: 10    Int: 13    God:
Gold:   133        SH:  0    Dex:  8    Spells: 10/10 levels left

rFire   . .          .
                       - Unarmed
rCold   . . .        (no shield)
rNeg    . . .        a - +0 animal skin
rPois   .            (helmet currently unavailable)
rElec   .            (cloak currently unavailable)
rCorr   .            (gloves unavailable)
SInv    .            (boots unavailable)
Will    +....        (no amulet)
Stlth   +            l - ring of willpower
HPRegen 0.29/turn    (no ring)
MPRegen 0.12/turn

%: no passive effects
@: beast-form
A: beast (slay +2), large, unfitting armour, tough skin 1
a: Begin Untransformation


You were on level 2 of the Dungeon.
You were a hulking beast.
You visited 1 branch of the dungeon, and saw 4 of its levels.

You collected 133 gold pieces.

Inventory:

Armour
 a - a +0 animal skin (worn)
Jewellery
 l - a ring of willpower (left hand)
Talismans
 c - a beast talisman (active)
 d - a flux talisman
Wands
 n - a wand of digging (5)
Scrolls
 e - a scroll of enchant weapon {unknown}
 f - a scroll of teleportation {unknown}
 i - a scroll of poison
 j - 2 scrolls of amnesia
 m - 2 scrolls of noise {unknown}
 o - a scroll of revelation {unknown}
 p - a scroll of fear {unknown}
Potions
 b - 2 potions of lignification
 h - a potion of heal wounds {unknown}
 k - a potion of might {unknown}


   Skills:
 - Level 1.3 Fighting
 + Level 3.2 Dodging
 + Level 3.8 Unarmed Combat
 + Level 2.9 Spellcasting
 + Level 4.1 Shapeshifting


You had 10 spell levels left.
You didn't know any spells.
Your spell library was empty.

Dungeon Overview and Level Annotations

Branches:
Dungeon (4/15)
 Temple: D:4-7

Altars:
Makhleb


Innate Abilities, Weirdness & Mutations

You are a hulking beast.
Your limbs bulge with bestial killing power. (Slay +2)
You are too large for most types of armour.
You have tough skin. (AC +1)


Message History

There is a stone staircase leading down here.
A ball python comes into view.
You hit the ball python.
You kill the ball python!
Found an escape hatch in the ceiling.
There is a stone staircase leading down here.
You now have 133 gold pieces (gained 7).
The gnoll shouts!
You hear a shout!
A kobold comes into view. It is wielding a +0 dagger.
You closely miss the gnoll.
A gnoll comes into view. It is wielding a +0 whip.
The gnoll hits you with a +2 whip of electrocution!
You completely miss the gnoll.
The gnoll shouts!
The gnoll hits you with a +2 whip of electrocution!
You closely miss the gnoll. Your punch misses the gnoll.
The gnoll hits you with a +2 whip of electrocution!
You are electrocuted!!
* * * LOW HITPOINT WARNING * * *
You hit the gnoll.
The gnoll is moderately wounded.
The gnoll hits you with a +2 whip of electrocution.
* * * LOW HITPOINT WARNING * * *
Unknown command.
Okay, then.
Okay, then.
It was a potion of curing.
You feel better.
The gnoll shouts!
The gnoll hits you with a +2 whip of electrocution!
* * * LOW HITPOINT WARNING * * *
As you read the scroll labelled SOTWYUWNID, it crumbles to dust.
It is a scroll of amnesia.
You feel forgetful for a moment.
The gnoll hits you with a +2 whip of electrocution!
* * * LOW HITPOINT WARNING * * *
The air fills with toxic fumes!
As you read the scroll labelled JOMYTE IFISEYTYS, it crumbles to dust.
It was a scroll of poison.
The gnoll hits you with a +2 whip of electrocution.
You die...

#. ##r# #.<.# #
#.# #...## #.#
#....## #.#
####..## ..#
##..# # ###
##.### #§ #...##
####§K#### ###..#
§r§§gggh§# ##.#
§###§###§####
#.### #§§§.####
#.... ####§§..##
####.
#######..########
................>
........########.
.................
........#########


You could see 3 gnolls, a kobold and a rat.

Vanquished Creatures
  Grinder (D:3)
  3 adders
  2 dart slugs (D:1)
  6 ball pythons
  5 endoplasms
  A giant cockroach (D:1)
  2 goblins
  3 hobgoblins
  8 jackals
  4 kobolds
  A quokka (D:2)
  A bat (D:1)
  2 frilled lizards (D:1)
  5 rats
44 creatures vanquished.

Notes
Turn   | Place    | Note
-------+----------+-------------------------------------------
     0 | D:1      | Shayle the Ogre Shapeshifter began the quest for the Orb.
     0 | D:1      | Reached XP level 1. HP: 19/19 MP: 1/1
    67 | D:1      | Reached XP level 2. HP: 5/27 MP: 2/2
   229 | D:1      | Reached skill level 1 in Spellcasting
   461 | D:1      | Reached XP level 3. HP: 33/33 MP: 4/4
   777 | D:2      | You fall into a shaft and drop 2 floors!
  1024 | D:3      | Reached XP level 4. HP: 41/41 MP: 6/6
  1175 | D:3      | Noticed Grinder
  1197 | D:3      | Killed Grinder
  1198 | D:3      | Reached skill level 4 in Shapeshifting
  1198 | D:3      | Reached XP level 5. HP: 21/48 MP: 6/9
  1198 | D:3      | Reached XP level 6. HP: 24/55 MP: 6/10
  1329 | D:3      | Found a burning altar of Makhleb.
  1454 | D:2      | HP: 1/55 [gnoll/+2 whip of electrocution (10)]
  1455 | D:2      | Slain by a gnoll

Illustrated notes

Levels and vault maps discovered:
D:1:      wander_arrival_chamber, layout_rooms, minivault_23
D:2:      layout_rooms
D:3:      layout_basic, amcnicky_altar_gilded, uniq_grinder
D:4:      layout_basic, mainiacjoe_overflow_24_doors, temple_statues

Skill      XL: |  1  2  3  4 |
---------------+-------------+-----
Dodging        | 2 3 |  3.2
Spellcasting   | 1 2 |  2.9
Unarmed Combat | 3 |  3.8
Shapeshifting  | 4 |  4.1
Fighting       | |  1.3

Action                     |  1- 3 |  4- 6 || total
---------------------------+-------+-------++-------
  Melee: Unarmed           |    77 |    33 ||   110
         Punch             |     3 |       ||     3
    Use: Potion            |       |     2 ||     2
         Scroll            |       |     2 ||     2
   Stab: Distracted        |       |     1 ||     1
 Armour: Animal skin       |    51 |    23 ||    74
         Skin              |       |     8 ||     8
  Dodge: Dodged            |    38 |     7 ||    45

Table legend: (Time is in decaauts)
 A = Elapsed time spent in this place.
 B = Non-inter-level travel time spent in this place.
 C = Inter-level travel time spent in this place.
 D = Time resting spent in this place.
 E = Time spent auto-exploring this place.
 F = Levels seen in this place.
 G = Mean time per level.
                   A        B        C        D        E       F      G
               +--------+--------+--------+--------+--------+-----+--------+
         Total |   1448 |   1428 |     20 |    282 |    709 |   4 |  362.0 |
       Dungeon |   1448 |   1428 |     20 |    282 |    709 |   4 |  362.0 |
               +--------+--------+--------+--------+--------+-----+--------+

Top non-repeatable levels by time:
     D:1: 583 daAuts
     D:3: 507 daAuts
     D:2: 251 daAuts
     D:4: 105 daAuts
